 Dungeon Sprint DCSS version 0.18.1-48-g4cf74bf (webtiles) character file.

5296 Gingerlord the Champion of Chaos (level 10, 0/88 HPs)
             Began as a Formicid Fighter on July 7, 2016.
             Was the Champion of Makhleb.
             Killed by vampiric draining
             ... invoked by Josephine
              (11 damage)
             ... in the Dungeon (Sprint IX: "|||||||||||||||||||||||||||||").
             The game lasted 00:07:30 (2092 turns).

Gingerlord the Champion of Chaos (Formicid Fighter) Turns: 2092, Time: 00:07:31

Health: 0/88       AC: 22    Str: 20    XL:     10   Next: 94%
Magic:  20/20      EV: 10    Int:  9    God:    Makhleb [******]
Gold:   21         SH: 12    Dex: 13    Spells: 0 memorised, 9 levels left

rFire  . . .     SeeInvis +     a - +0 long sword
rCold  . . .     Gourm    .     r - +0 plate armour
rNeg   . . .     Faith    .     c - +0 shield
rPois  .         Spirit   .     (helmet unavailable)
rElec  .         Dismiss  .     q - +0 cloak
rCorr  .         Reflect  .     (no gloves)
SustAt .         Harm     .     x - +0 pair of boots
MR     +....                    (no amulet)
Stlth  ..........               t - +2 ring of protection
                                s - +2 ring of protection

@: somewhat resistant to hostile enchantments, extremely unstealthy
A: permanent stasis, dig shafts and tunnels, four strong arms, antennae 3
a: Dig, Minor Destruction, Lesser Servant of Makhleb, Major Destruction, Greater
Servant of Makhleb, Renounce Religion


You were in the Dungeon.
You worshipped Makhleb.
Makhleb was exalted by your worship.
You were not hungry.

You visited 1 branch You collected 21 gold pieces.

Inventory:

Hand Weapons
 a - a +0 long sword (weapon)
 p - a +2 scimitar of holy wrath
Armour
 c - a +0 shield (worn)
 q - a +0 cloak (worn)
 r - a +0 plate armour (worn)
 x - a +0 pair of boots (worn)
Jewellery
 s - a +2 ring of protection (left hand)
 t - a +2 ring of protection (right hand)
Wands
 o - a wand of iceblast (7/15)
Scrolls
 k - 2 scrolls of fog
 m - 4 scrolls of remove curse
 n - 2 scrolls of amnesia
 u - 2 scrolls of identify
 v - 2 scrolls of enchant weapon
Potions
 d - a potion of agility
 e - 2 potions of curing
 g - a potion of heal wounds
 h - 2 potions of resistance
 i - 4 potions of magic
 l - a potion of invisibility
Comestibles
 b - 40 fruits
 f - 12 bread rations
 w - 12 meat rations


   Skills:
 + Level 11.5 Fighting
 + Level 10.4 Long Blades
 + Level 11.7 Armour
 + Level 9.6 Dodging
 - Level 10.3 Shields
 + Level 13.7 Invocations


You had 9 spell levels left.
You didn't know any spells.

Dungeon Overview and Level Annotations

Branches:
Dungeon (1/1)

Altars:
Cheibriados
Dithmenos
Elyvilon
Fedhas
Gozag
Kikubaaqudgha
Makhleb
Nemelex Xobeh
Okawaru
Pakellas
Qazlal
Ru
Sif Muna
Trog
Vehumet
Xom
Yredelemnul
Zin
The Shining One
Beogh
Jiyva
Lugonu

Annotations:
D Josephine


Innate Abilities, Weirdness & Mutations

You are under a permanent stasis effect.
You can dig through walls and to a lower floor.
Your four strong arms can wield two-handed weapons with a shield.
You have a pair of large antennae on your head (SInv).


Message History

Aim: Maurice, wielding a short sword, wearing a cloak and carrying a wand of disintegration {zapped: 7} (severely wounded, slightly transparent, covering ground quickly)
The orb of electricity explodes!
The orb of electricity engulfs Maurice.
Maurice is almost dead.
The orb of electricity engulfs Josephine.
Josephine is moderately wounded.
The orb of electricity engulfs you!
* * * LOW HITPOINT WARNING * * *
The orb of electricity engulfs the wraith.
You destroy the wraith!
Makhleb accepts your kill.
You feel better.
You feel somewhat more hungry.
Maurice zaps a wand.
You resist with significant effort.
Josephine gestures at you while chanting.
The ghostly flame explodes!
The ghostly fireball engulfs Maurice.
Maurice dies!
The ghostly fireball engulfs Josephine.
Josephine partially resists.
The ghostly fireball engulfs you!
* * * LOW HITPOINT WARNING * * *
Josephine is infused with unholy energy.
You die...

▓.▓.▓.▓.▓{
▓'▓.▓.▓.▓{
▓_▓.▓.▓.▓{
▓_▓.▓.▓.▓{
▓_▓.▓.▓.▓{
▓_▓.▓[▓W▓{
▓_▓.▓÷▓W▓{
▓_▓.▓.▓@▓{
▓_▓.▓.▓@▓{
▓_▓.▓.▓.▓{
▓_▓.▓.▓.▓{
▓_▓.▓.▓.▓{
{
▓_▓.▓.▓.▓
▓_▓.▓.▓.▓{
▓_▓.▓.▓.▓{
▓_▓.▓.▓.▓{
▓_▓.▓÷▓.▓{


You could see Josephine and 2 wraiths.

Vanquished Creatures
  A black mamba (D)
  4 spiny frogs (D)
  A two-headed ogre (D)
  2 blink frogs (D)
  A yak (D)
  A wraith (D)
  2 hippogriffs (D)
  A basilisk (D)
  2 water moccasins (D)
  2 porcupines (D)
  An orc warrior (D)
  A black bear (D)
  A centaur (D)
  A crocodile (D)
  4 giant frogs (D)
  A wight (D)
  A crimson imp (D)
  A hound (D)
  2 iguanas (D)
  An orc wizard (D)
  A sheep (D)
  2 river rats (D)
  An adder zombie (D)
  An adder skeleton (D)
  A dart slug (D)
  An orc (D)
  A hobgoblin (D)
  A kobold (D)
  A giant gecko skeleton (D)
  A giant gecko zombie (D)
  A goblin (D)
  A rat (D)
44 creatures vanquished.

Vanquished Creatures (collateral kills)
  Erolcha (D)
  2 spiny frogs (D)
  A giant leech (D)
  A blink frog (D)
  A vampire mosquito (D)
6 creatures vanquished.

Vanquished Creatures (others)
  Maurice (D)
1 creature vanquished.

Grand Total: 51 creatures vanquished

Notes
Turn   | Place    | Note
--------------------------------------------------------------
     0 | D        | Gingerlord the Formicid Fighter began the quest for the Orb.
     0 | D        | Reached XP level 1. HP: 18/18 MP: 1/1
    15 | D        | Reached skill level 1 in Dodging
    26 | D        | Reached XP level 2. HP: 18/25 MP: 2/2
   130 | D        | Reached XP level 3. HP: 26/31 MP: 3/3
   140 | D        | Reached skill level 5 in Shields
   144 | D        | Reached skill level 5 in Armour
   144 | D        | Reached XP level 4. HP: 17/38 MP: 4/4
   147 | D        | Reached skill level 5 in Fighting
   303 | D        | Found a glowing silver altar of Zin.
   303 | D        | Found a glowing golden altar of the Shining One.
   303 | D        | Found an ancient bone altar of Kikubaaqudgha.
   303 | D        | Found a basalt altar of Yredelemnul.
   303 | D        | Found a shimmering altar of Xom.
   303 | D        | Found a radiant altar of Vehumet.
   304 | D        | Found an iron altar of Okawaru.
   305 | D        | Found a burning altar of Makhleb.
   306 | D        | Found a deep blue altar of Sif Muna.
   307 | D        | Found a bloodstained altar of Trog.
   308 | D        | Found a sparkling altar of Nemelex Xobeh.
   309 | D        | Found a white marble altar of Elyvilon.
   310 | D        | Found a roughly hewn altar of Beogh.
   311 | D        | Found a viscous altar of Jiyva.
   312 | D        | Found a corrupted altar of Lugonu.
   313 | D        | Became a worshipper of Makhleb the Destroyer
   314 | D        | Found a blossoming altar of Fedhas.
   315 | D        | Found a snail-covered altar of Cheibriados.
   316 | D        | Found a shadowy altar of Dithmenos.
   317 | D        | Found a stormy altar of Qazlal.
   318 | D        | Found an opulent altar of Gozag.
   319 | D        | Found a sacrificial altar of Ru.
   320 | D        | Found an oddly glowing altar of Pakellas.
   369 | D        | Noticed an orc warrior
   369 | D        | Noticed a giant frog
   369 | D        | Noticed a two-headed ogre
   384 | D        | Reached skill level 2 in Invocations
   384 | D        | Reached XP level 5. HP: 42/44 MP: 4/7
   388 | D        | Reached skill level 3 in Invocations
   391 | D        | Reached * piety under Makhleb
   417 | D        | Killed an orc warrior
   417 | D        | Reached skill level 5 in Long Blades
   417 | D        | Reached skill level 5 in Invocations
   417 | D        | Reached XP level 6. HP: 15/52 MP: 7/10
   420 | D        | Reached ** piety under Makhleb
   420 | D        | Reached skill level 6 in Invocations
   424 | D        | Killed a two-headed ogre
   424 | D        | Reached skill level 5 in Dodging
   424 | D        | Reached skill level 8 in Invocations
   424 | D        | Reached XP level 7. HP: 12/60 MP: 8/13
   666 | D        | Noticed a hippogriff
   666 | D        | Noticed a basilisk
   675 | D        | Killed a hippogriff
   675 | D        | Reached *** piety under Makhleb
   682 | D        | Killed a basilisk
   682 | D        | Reached skill level 9 in Invocations
   682 | D        | Reached XP level 8. HP: 68/68 MP: 13/15
   695 | D        | Reached **** piety under Makhleb
   812 | D        | Noticed a spiny frog
   812 | D        | Noticed a spiny frog
   812 | D        | Noticed a spiny frog
   821 | D        | Reached skill level 10 in Invocations
   839 | D        | Killed a spiny frog
   839 | D        | Reached ***** piety under Makhleb
   858 | D        | Killed a spiny frog
   858 | D        | Reached skill level 11 in Invocations
   858 | D        | Reached XP level 9. HP: 32/75 MP: 17/17
   863 | D        | Killed a spiny frog
   863 | D        | Reached skill level 10 in Shields
  1133 | D        | Noticed a black mamba
  1133 | D        | Noticed a spiny frog
  1143 | D        | Killed a black mamba
  1143 | D        | Reached skill level 10 in Armour
  1143 | D        | Reached skill level 12 in Invocations
  1154 | D        | Killed a spiny frog
  1154 | D        | Reached ****** piety under Makhleb
  1154 | D        | Reached skill level 10 in Fighting
  1154 | D        | Reached XP level 10. HP: 51/85 MP: 19/19
  1378 | D        | Noticed a spiny frog
  1378 | D        | Noticed a spiny frog
  1402 | D        | Killed a spiny frog
  1402 | D        | Reached skill level 13 in Invocations
  1404 | D        | Killed a spiny frog
  1445 | D        | Reached skill level 10 in Long Blades
  1721 | D        | Noticed Erolcha
  1746 | D        | Killed Erolcha
  2059 | D        | Noticed Maurice
  2079 | D        | Noticed Josephine
  2091 | D        | Killed Maurice
  2092 | D        | Killed from afar by Josephine

Skill      XL: |  1  2  3  4  5  6  7  8  9 10 |
---------------+-------------------------------+-----
Dodging        | 1 2 3 4 5 6 7 8 9 |  9.6
Shields        | 4 5 6 8 9 10 | 10.3
Fighting       | 4 5 6 7 8 10 11 | 11.5
Long Blades    | 3 4 5 6 7 9 10 | 10.4
Armour         | 4 5 6 7 8 9 10 11 | 11.7
Invocations    | 2 5 8 9 11 12 13 | 13.7

Action                   |  1- 3 |  4- 6 |  7- 9 | 10-12 || total
-------------------------+-------+-------+-------+-------++-------
Melee: Long sword        |    50 |    52 |   114 |   101 ||   317
Invok: Major Destruction |       |       |     5 |     3 ||     8
       Greater Servant o |       |       |       |     2 ||     2
  Use: Potion            |       |     3 |     4 |     1 ||     8
  Eat: Chunk             |       |       |     1 |     2 ||     3
       Bread ration      |       |       |       |     1 ||     1
Armor: Scale mail        |    17 |       |       |       ||    17
       Plate armour      |       |    15 |    49 |    41 ||   105
Dodge: Dodged            |    13 |    11 |    32 |    21 ||    77
Block: Shield            |    23 |    28 |    58 |    38 ||   147
